 Dungeon Crawl Stone Soup version 0.22.0-38-g04b72b8 (webtiles) character file.

19 thaumaturge77 the Conjurer (level 2, -2/20 HPs)
             Began as a Draconian Conjurer on Aug 28, 2018.
             Slain by a leopard gecko (5 damage)
             ... on level 1 of the Dungeon.
             The game lasted 00:05:03 (830 turns).

thaumaturge77 the Conjurer (Draconian Conjurer)      Turns: 830, Time: 00:05:04

Health: -2/20      AC:  5    Str: 10    XL:     2   Next: 55%
Magic:  1/5        EV: 12    Int: 15    God:
Gold:   2          SH:  0    Dex: 11    Spells: 4/5 levels left

rFire    . . .     SeeInvis .   a - +0 club
rCold    . . .     Gourm    .   (no shield)
rNeg     . . .     Faith    .   (armour unavailable)
rPois    .         Spirit   .   (helmet restricted)
rElec    .         Reflect  .   (no cloak)
rCorr    .         Harm     .   d - +0 pair of gloves
MR       .....                  (no boots)
Stlth    ++........             (no amulet)
HPRegen  0.06/turn              (no ring)
MPRegen  0.09/turn              (no ring)

@: no status effects
A: unfitting armour, cold-blooded, AC +4
a: no special abilities


You were on level 1 of the Dungeon.
You were not hungry.

You visited 1 branch of the dungeon, and saw 1 of its levels.

You collected 2 gold pieces.

Inventory:

Hand Weapons
 a - a +0 club (weapon)
 f - a +0 dagger
 g - a +0 dagger
 j - a +0 club
 m - a +0 club
Missiles
 e - 22 sling bullets
 l - 19 stones (quivered)
Armour
 d - a +0 pair of gloves (worn)
Scrolls
 i - a scroll of enchant armour {unknown}
 k - a scroll of fear {unknown}
Potions
 h - a potion of curing {unknown}
 n - a potion of berserk rage {unknown}
Comestibles
 b - 3 rations


   Skills:
 + Level 0.5 Maces & Flails
 + Level 1.8 Dodging
 + Level 2.0 Stealth
 + Level 0.2 Unarmed Combat
 + Level 2.0 Spellcasting
 + Level 4.5 Conjurations


You had 4 spell levels left.
You knew the following spells:

 Your Spells              Type           Power        Failure   Level  Hunger
a - Magic Dart            Conj           ###.         3%          1    #......

Your spell library contained the following spells:

 Spells                   Type           Power        Failure   Level  Hunger
 Searing Ray              Conj           ###...       5%          2    ###....
 Dazzling Spray           Conj/Hex       #.....       26%         3    ###....
 Iskenderun's Mystic Bla  Conj           ###.....     34%         4    #####..
 Force Lance              Conj/Tloc      #.......     65%         4    #####..
 Fulminant Prism          Conj/Hex       #.........   65%         4    #####..


Dungeon Overview and Level Annotations

Branches:
Dungeon (1/15)

Altars:


Innate Abilities, Weirdness & Mutations

Your plain brown scales are hard. (AC +4)
You cannot fit into any form of body armour.
You are cold-blooded and may be slowed by cold attacks.


Message History

The leopard gecko bites you but does no damage.
The frilled lizard closely misses you.
You barely miss the leopard gecko.
The leopard gecko is heavily wounded.
The leopard gecko barely misses you. The frilled lizard barely misses you.
The leopard gecko barely misses you.
You barely miss the leopard gecko.
The leopard gecko is heavily wounded.
The leopard gecko misses you. The frilled lizard barely misses you.
The leopard gecko closely misses you.
You hit the leopard gecko but do no damage.
The leopard gecko is moderately wounded.
The frilled lizard bites you but does no damage.
The leopard gecko bites you.
* * * LOW HITPOINT WARNING * * *
The frilled lizard barely misses you.
You barely miss the leopard gecko.
The leopard gecko is moderately wounded.
The leopard gecko bites you.
You die...

#####
#.......##.##.#.#.........#
##########.##.#.#.#########
#### #####.##.#.#..
...#########.....##.#.####
...'.......#.######.#
...######.##.##.....# ...#
#.##.##....##.# ...#
#.##.##.......#
...######.##.##.@######
..........##.##ll..#
....#####.##.##.....P#
....########.####..P.#
.............# ....#
...########### ...P# ^..#
P.P## #### ##.#


You could see a leopard gecko and a frilled lizard.

Vanquished Creatures
  A leopard gecko (D:1)
  A giant cockroach (D:1)
  A goblin (D:1)
  3 hobgoblins (D:1)
  A kobold (D:1)
  7 frilled lizards (D:1)
  6 rats (D:1)
20 creatures vanquished.

Notes
Turn   | Place    | Note
-------+----------+-------------------------------------------
     0 | D:1      | thaumaturge77 the Draconian Conjurer began the quest for the Orb.
     0 | D:1      | Reached XP level 1. HP: 14/14 MP: 3/3
   362 | D:1      | Reached XP level 2. HP: 6/20 MP: 1/5
   830 | D:1      | Slain by a leopard gecko

Skill      XL: |  1  2 |
---------------+-------+-----
Stealth        | 2 |  2.0
Maces & Flails | |  0.5
Dodging        | |  1.8
Unarmed Combat | |  0.2
Spellcasting   | |  2.0
Conjurations   | |  4.5

Action                   || total
-------------------------++-------
Melee: Club              ||    51
       Unarmed           ||     6
       Tailslap          ||     5
 Cast: Magic Dart        ||    13
  Use: Scroll            ||     1
Armor: Skin              ||    24
Dodge: Dodged            ||    74
